 Dungeon Crawl Stone Soup version 0.22-a0-48-g8770677 (webtiles) character file.

139 gmonis the Cudgeler (level 5, -10/46 HPs)
             Began as a Minotaur Berserker on Jan 7, 2018.
             Was a Priest of Trog.
             Mangled by gmonis's ghost (19 damage)
             ... on level 3 of the Dungeon.
             The game lasted 00:02:27 (1797 turns).

gmonis the Cudgeler (Minotaur Berserker)            Turns: 1797, Time: 00:02:28

Health: -10/46     AC:  2    Str: 23    XL:     5   Next: 1%
Magic:  4/4        EV: 12    Int:  4    God:    Trog [***...]
Gold:   174        SH:  0    Dex:  9    Spells: 4/4 levels left

rFire    . . .     SeeInvis .   a - +0 mace
rCold    . . .     Gourm    .   (no shield)
rNeg     . . .     Faith    .   b - +0 animal skin
rPois    .         Spirit   .   (helmet restricted)
rElec    .         Reflect  .   (no cloak)
rCorr    .         Harm     .   (no gloves)
MR       .....                  (no boots)
Stlth    +.........             (no amulet)
HPRegen  0.15/turn              (no ring)
MPRegen  0.09/turn              (no ring)

@: no status effects
A: retaliatory headbutt, horns 2
a: Berserk, Trog's Hand, Burn Spellbooks, Renounce Religion


You were on level 3 of the Dungeon.
You worshipped Trog.
Trog was most pleased with you.
You were hungry.

You visited 1 branch of the dungeon, and saw 3 of its levels.

You collected 174 gold pieces.

Inventory:

Hand Weapons
 a - a +0 mace (weapon)
Missiles
 f - 110 stones (quivered)
Armour
 b - a +0 animal skin (worn)
Jewellery
 l - an uncursed ring of resist corrosion {unknown}
 m - a cursed amulet of inaccuracy {unknown}
Scrolls
 d - 4 scrolls of identify {unknown}
 e - a scroll of enchant weapon {unknown}
 i - 2 scrolls of teleportation {unknown}
 j - a scroll of fear {unknown}
 k - a scroll of magic mapping {unknown}
Potions
 g - a potion of haste {unknown}
 h - a potion of heal wounds {unknown}
 n - a potion of curing {unknown}
 o - a potion of resistance {unknown}
Comestibles
 c - 4 rations


   Skills:
 - Level 3.9 Fighting
 + Level 6.7 Maces & Flails
 - Level 2.5 Armour
 - Level 2.2 Dodging


You had 4 spell levels left.
You didn't know any spells.

Dungeon Overview and Level Annotations

Branches:
Dungeon (3/15)

Altars:
Wu Jian

Annotations:
D:3 gmonis's ghost, amateur MiBe


Innate Abilities, Weirdness & Mutations

You reflexively headbutt those who attack you in melee.
You have a pair of horns on your head.


Message History

The orc wizard shouts!
Gmonis's ghost turns its malevolent gaze towards you.
You hear a bark!
Gmonis's ghost says, "They'll have to sweep you off the floor after I'm finished with you!"
A jackal comes into view.
The jackal moves out of view.
Okay, then.
Gmonis's ghost hits you!
You hit gmonis's ghost but do no damage.
Gmonis's ghost barely misses you.
You hit gmonis's ghost but do no damage.
Gmonis's ghost hits you!
* * * LOW HITPOINT WARNING * * *
The orc wizard gestures wildly while chanting.
The orc wizard flickers and vanishes!
Deactivating autopickup; reactivate with Ctrl-A.
You completely miss gmonis's ghost.
The orc wizard casts a spell.
The orc wizard seems to speed up.
Gmonis's ghost hits you!!
You die...

#.....#...########..###
.#...)..#........##..#
...o.................#
#.w...h#............###
#....o{# ######.##.....
#o# #.##.#### #o#
####<##..... #W#
#....####### #@# #....#
#.# #...## #.# ##.##
#.# #.# #.# #.# # ##.##
#.# ...##.(.#####.#
#.....#.......#
##.##...#######


You could see an orc priest, an orc wizard, gmonis's ghost, an orc and a jackal.

Vanquished Creatures
  Jessica (D:2)
  An orc wizard (D:3)
  3 adders (D:2)
  A leopard gecko (D:1)
  3 orcs (D:3)
  2 ball pythons
  9 bats
  5 giant cockroaches
  8 goblins
  6 hobgoblins
  4 jackals (D:2)
  4 kobolds
  3 frilled lizards
  4 rats
54 creatures vanquished.

Notes
Turn   | Place    | Note
-------+----------+-------------------------------------------
     0 | D:1      | gmonis the Minotaur Berserker began the quest for the Orb.
     0 | D:1      | Reached XP level 1. HP: 19/19 MP: 0/0
   124 | D:1      | Reached skill level 4 in Maces & Flails
   124 | D:1      | Reached XP level 2. HP: 22/27 MP: 1/1
   861 | D:2      | Reached ** piety under Trog
   872 | D:2      | Reached XP level 3. HP: 32/33 MP: 2/2
   884 | D:2      | Reached skill level 5 in Maces & Flails
   893 | D:2      | Found an ornate altar of the Wu Jian Council.
  1008 | D:2      | Noticed Jessica
  1013 | D:2      | Killed Jessica
  1013 | D:2      | Reached XP level 4. HP: 38/40 MP: 3/3
  1046 | D:2      | Reached skill level 6 in Maces & Flails
  1717 | D:3      | Reached XP level 5. HP: 35/46 MP: 4/4
  1730 | D:3      | Reached *** piety under Trog
  1789 | D:3      | Noticed gmonis's ghost (amateur MiBe)
  1797 | D:3      | Mangled by gmonis's ghost

Vault maps used:
D:1:      dpeg_arrival_chase
D:2:      lemuel_round_altar, hangedman_decor_growths, uniq_jessica
D:3:      nicolae_overflow_hidden_temple

Skill      XL: |  1  2  3  4 |
---------------+-------------+-----
Maces & Flails | 4 5 6 |  6.7
Fighting       | |  3.9
Armour         | |  2.5
Dodging        | |  2.2

Action                   |  1- 3 |  4- 6 || total
-------------------------+-------+-------++-------
Melee: Mace              |    63 |    47 ||   110
       Headbutt          |     7 |     6 ||    13
Invok: Berserk           |       |     1 ||     1
  Eat: Chunk             |       |     3 ||     3
Armor: Animal skin       |    14 |     8 ||    22
Dodge: Dodged            |    61 |    30 ||    91

Table legend:
 A = Spawn XP
 B = Non-spawn XP
 C = Spawn XP percentage of total XP
 D = Spawn monster count
 E = Non-spawn monster count
 F = Spawn count percentage of total count
 G = Total turns spent on level
                    A         B        C        D         E        F      G
               +---------+---------+-------+---------+---------+-------+---------
         Total |       0 |     199 |   0.0 |       0 |      54 |   0.0 |  1797
               +---------+---------+-------+---------+---------+-------+---------
           D:1 |       0 |      28 |   0.0 |       0 |      14 |   0.0 |   726
           D:2 |       0 |     119 |   0.0 |       0 |      30 |   0.0 |   844
           D:3 |       0 |      52 |   0.0 |       0 |      10 |   0.0 |   227
               +---------+---------+-------+---------+---------+-------+---------
